 Dungeon Crawl Stone Soup version 0.31-a0-261-g072fdb8a1f (webtiles) character file.

Game seed: 3417984829715938864

1801 gruber the Grappler (level 8, -5/70 HPs)
             Began as a Troll Shapeshifter on July 13, 2023.
             Shot with an arrow by a centaur (8 damage)
             ... on level 6 of the Dungeon.
             The game lasted 00:05:42 (4448 turns).

gruber the Grappler (Troll Shapeshifter)            Turns: 4448, Time: 00:05:43

Health: -5/70      AC:  4    Str: 26    XL:     8   Next: 83%
Magic:  0/7        EV: 11    Int: 10    God:
Gold:   253        SH:  0    Dex: 10    Spells: 7/7 levels left

rFire   . .          .
                       - Unarmed
rCold   . . .        (no shield)
rNeg    . . .        a - +0 animal skin
rPois   .            (helmet currently unavailable)
rElec   .            (cloak currently unavailable)
rCorr   .            (gloves unavailable)
SInv    .            (boots unavailable)
Will    .....        e - amulet of guardian spirit
Stlth   +            j - +6 ring of intelligence
HPRegen 1.11/turn    (no ring)
MPRegen 0.10/turn

%: guardian spirit
@: beast-form
A: beast (slay +3), large, unfitting armour, claws 3, regeneration 1, shaggy fur
1, tough skin 1
a: Begin Untransformation


You were on level 6 of the Dungeon.
You were a hulking beast.
You visited 2 branches of the dungeon, and saw 7 of its levels.

You collected 253 gold pieces.

Inventory:

Missiles
 d - 6 curare-tipped darts
Armour
 a - a +0 animal skin (worn)
Jewellery
 e - an amulet of guardian spirit (around neck)
 j - a +6 ring of intelligence (left claw)
 y - a ring of protection from fire
Talismans
 c - a beast talisman
 t - a serpent talisman
Scrolls
 f - 2 scrolls of enchant weapon {unknown}
 g - 2 scrolls of butterflies {unknown}
 i - 3 scrolls of poison {unknown}
 k - 2 scrolls of enchant armour {unknown}
 m - 2 scrolls of identify {unknown}
 o - 2 scrolls of teleportation {unknown}
 r - a scroll of blinking {unknown}
 u - 4 scrolls of amnesia {unknown}
 v - 3 scrolls of fear {unknown}
 A - a scroll of brand weapon {unknown}
 B - a scroll of torment {unknown}
Potions
 b - 2 potions of lignification
 h - 2 potions of invisibility {unknown}
 l - 2 potions of curing
 n - 2 potions of mutation {unknown}
 p - a potion of ambrosia {unknown}
 q - 2 potions of attraction {unknown}
 s - 2 potions of might {unknown}
 w - a potion of degeneration {unknown}
 x - a potion of brilliance {unknown}
 z - a potion of magic {unknown}


   Skills:
 - Level 1.5 Fighting
 - Level 6.0 Dodging
 - Level 8.0 Unarmed Combat
 * Level 4.9 Shapeshifting


You had 7 spell levels left.
You didn't know any spells.
Your spell library contained the following spells:

 Spells                   Type           Power      Damage    Failure   Level
 Apportation              Tloc           0%         N/A       36%         1
 Magic Dart               Conj           0%         1d3       36%         1
 Necrotise                Necr           0%         1d4       36%         1
 Summon Small Mammal      Summ           0%         N/A       36%         1
 Inner Flame              Hex/Fire       0%         N/A       75%         3
 Flame Wave               Conj/Fire      0%         2d4       98%         4
 Sticky Flame             Conj/Fire      0%         2d3       98%         4


Dungeon Overview and Level Annotations

Branches:
Dungeon (6/15)             Temple (1/1) D:4

Altars:
Ashenzari
Cheibriados
Dithmenos
Elyvilon
Fedhas
Gozag
Kikubaaqudgha
Nemelex Xobeh
Okawaru
Ru
Sif Muna
Trog
Uskayaw
Vehumet
Wu Jian
Xom
Yredelemnul
Zin

Shops:
D:3 !   D:5 (

Annotations:
D:3 1 runed translucent door


Innate Abilities, Weirdness & Mutations

You are a hulking beast.
Your limbs bulge with bestial killing power. (Slay +3)
You are too large for most types of armour.
You have claws for hands.
Your natural rate of healing is unusually fast.
You are covered in fur. (AC +1)
You have tough skin. (AC +1)


Message History

Found an ornate altar of the Wu Jian Council.
The white imp gestures at you. The puff of frost hits you.
An electric eel comes into view.
The white imp hits you. The white imp freezes you.
You scratch the white imp. You claw the white imp.
You kill the white imp!
The centaur shoots an arrow.
The arrow hits you.
The centaur shoots an arrow.
The arrow hits you!
The centaur shoots an arrow.
The arrow closely misses you.
The centaur shoots an arrow.
The arrow hits you!
The centaur shoots an arrow.
The arrow closely misses you.
The electric eel shoots out a bolt of lightning at you!
The bolt of electricity misses you.
The centaur shoots an arrow.
The arrow hits you!
The centaur shoots an arrow.
The arrow hits you.
The centaur shoots an arrow.
The arrow hits you!
The electric eel shoots out a bolt of lightning at you!
The bolt of electricity misses you.
The centaur shoots an arrow.
The arrow hits you!
* * * LOW HITPOINT WARNING * * *
The centaur shoots an arrow.
The arrow hits you!
* * * LOW HITPOINT WARNING * * *
The centaur shoots an arrow.
The arrow closely misses you.
The electric eel shoots out a bolt of lightning at you!
The bolt of electricity hits you!
* * * LOW HITPOINT WARNING * * *
The centaur shoots an arrow.
The arrow completely misses you.
It was a potion of curing.
You feel better.
The centaur shoots an arrow.
The arrow barely misses you.
The centaur shoots an arrow.
The arrow hits you!
* * * LOW HITPOINT WARNING * * *
You feel better.
The electric eel shoots out a bolt of lightning at you!
The bolt of electricity misses you.
The centaur shoots an arrow.
The arrow hits you!
* * * LOW HITPOINT WARNING * * *
Found 9 stones.
Found a sparkling altar of Nemelex Xobeh.
The centaur shoots an arrow.
The arrow hits you!
You die...

###.....######.#..... ##
###...##### #.#......
#...### ..#......#
#.######### #.##......##
#.........########......##
#..≈≈≈≈≈≈≈.......# .....
#..≈......≈≈S≈≈≈.# ...##
#.[≈.#####.c...≈.# .. #.
#..≈.#...h####.≈.# . #.
##.≈.#.≈≈≈...#.≈.# #.
#.≈.#.≈_.≈≈.#.≈.## #.
#.≈.#.≈...≈.#.≈.##..####.
#.≈.#...#.≈.#.#.......
#.≈.##._#.≈. .####.. #.≈.
### ≈.#.#.####.. #(≈≈
.#......... #...#####.


You could see a centaur and an electric eel.

Vanquished Creatures
  Sigmund (D:2)
  An ice beast (D:6)
  A black bear (D:5)
  A centaur (D:3)
  A phantom (D:6)
  A gnoll sergeant (D:5)
  A bullfrog (D:6)
  3 scorpions
  4 wights (D:6)
  4 crimson imps (D:5)
  3 hounds
  3 orc priests (D:6)
  A sleepcap (D:5)
  A human zombie (D:3)
  3 iguanas
  2 orc wizards
  Robin (D:4)
  13 adders
  3 gnolls (D:5)
  A shadow imp (D:6)
  2 white imps
  A worm (D:3)
  4 dart slugs
  14 orcs
  4 bats
  7 endoplasms
  6 giant cockroaches
  14 hobgoblins
  4 jackals (D:3)
  3 quokkas
  12 ball pythons
  5 frilled lizards
  11 goblins
  A goblin skeleton (D:3)
  A goblin zombie (D:3)
  8 kobolds
  3 rats
149 creatures vanquished.

Notes
Turn   | Place    | Note
-------+----------+-------------------------------------------
     0 | D:1      | gruber the Troll Shapeshifter began the quest for the Orb.
     0 | D:1      | Reached XP level 1. HP: 19/19 MP: 0/0
    55 | D:1      | Reached XP level 2. HP: 27/27 MP: 1/1
    92 | D:1      | Reached skill level 3 in Unarmed Combat
   391 | D:1      | Reached XP level 3. HP: 33/33 MP: 2/2
   713 | D:2      | Reached skill level 4 in Unarmed Combat
   833 | D:2      | Noticed Sigmund
   844 | D:2      | Killed Sigmund
   845 | D:2      | Reached skill level 5 in Unarmed Combat
   845 | D:2      | Reached XP level 4. HP: 28/41 MP: 1/3
   845 | D:2      | Reached XP level 5. HP: 32/48 MP: 1/4
   958 | D:2      | Reached skill level 6 in Unarmed Combat
  1081 | D:2      | Found a shimmering blue altar of Sif Muna.
  1427 | D:3      | Found a runed translucent door.
  1427 | D:3      | Noticed a human
  1443 | D:3      | Reached XP level 6. HP: 52/55 MP: 3/5
  1572 | D:3      | Found Wuih's Distillery.
  1879 | D:3      | Found a basalt altar of Yredelemnul.
  1888 | D:3      | Reached skill level 7 in Unarmed Combat
  2112 | D:4      | Noticed Robin
  2155 | D:4      | Killed Robin
  2225 | D:4      | Found a staircase to the Ecumenical Temple.
  2677 | D:4      | Found a white marble altar of Elyvilon.
  2728 | D:4      | Reached XP level 7. HP: 59/62 MP: 6/6
  3167 | D:5      | Entered Level 5 of the Dungeon
  3173 | D:5      | Reached skill level 8 in Unarmed Combat
  3262 | Temple   | Entered the Ecumenical Temple
  3465 | D:5      | Found a glowing silver altar of Zin.
  3627 | D:5      | Found a radiant altar of Vehumet.
  3627 | D:5      | Found an ancient bone altar of Kikubaaqudgha.
  3630 | D:5      | Found a shimmering blue altar of Sif Muna.
  3637 | D:5      | Got Vehumet's Compilation of Concussion
  3755 | D:5      | Found a shimmering altar of Xom.
  3757 | D:5      | Found Myximeh's Weapon Shop.
  3778 | D:5      | Reached XP level 8. HP: 70/70 MP: 7/7
  3943 | D:5      | Reached skill level 5 in Dodging
  4248 | D:6      | Found a sacrificial altar of Ru.
  4436 | D:6      | Found an ornate altar of the Wu Jian Council.
  4445 | D:6      | HP: 1/70 [electric eel/bolt of electricity (8)]
  4448 | D:6      | Found a sparkling altar of Nemelex Xobeh.
  4448 | D:6      | Shot with an arrow by a centaur

Illustrated notes

Levels and vault maps discovered:
D:1:      scummos_arrival_forest, layout_basic
D:2:      layout_basic, basic_altar, serial_bayou_ford_a, uniq_sigmund
D:3:      layout_loops_ring, dk_yredelemnul_ordeal, serial_shops,
          nicolae_shop_tiny_real_fake_doors
D:4:      layout_layer_cave, elyvilon_altar_5, bh_walls_and_bars, uniq_robin
D:5:      layout_loops_ring, grunt_temple_overflow_magic_moments, led_xom_imps,
          mainiacjoe_overflow_six_doors_small, serial_shops, shop,
          chequers_garden
D:6:      layout_rooms, mainiacjoe_overflow_catwalk, nicolae_overflow_squiral
Temple:   nicolae_temple_superstar

Skill      XL: |  1  2  3  4  5  6  7  8 |
---------------+-------------------------+-----
Unarmed Combat | 3 5 6 7 8 |  8.0
Dodging        | 4 6 |  6.0
Shapeshifting  | 4 |  4.9
Fighting       | |  1.5

Action                     |  1- 3 |  4- 6 |  7- 9 || total
---------------------------+-------+-------+-------++-------
  Melee: Unarmed           |    86 |   130 |   117 ||   333
         Punch             |       |     2 |     6 ||     8
    Use: Potion            |       |       |     2 ||     2
   Stab: Sleeping          |       |     3 |       ||     3
         Distracted        |       |     1 |       ||     1
 Armour: Animal skin       |    25 |    56 |    16 ||    97
  Dodge: Dodged            |    24 |    78 |    52 ||   154

Table legend: (Time is in decaauts)
 A = Elapsed time spent in this place.
 B = Non-inter-level travel time spent in this place.
 C = Inter-level travel time spent in this place.
 D = Time resting spent in this place.
 E = Time spent auto-exploring this place.
 F = Levels seen in this place.
 G = Mean time per level.
                   A        B        C        D        E       F      G
               +--------+--------+--------+--------+--------+-----+--------+
         Total |   4408 |   4174 |    234 |      4 |   3421 |   7 |  629.7 |
       Dungeon |   4303 |   4085 |    218 |      4 |   3341 |   6 |  717.2 |
        Temple |    104 |     88 |     16 |      0 |     80 |   1 |  104.0 |
               +--------+--------+--------+--------+--------+-----+--------+

Top non-repeatable levels by time:
     D:4: 1051 daAuts
     D:5: 832 daAuts
     D:3: 799 daAuts
     D:2: 684 daAuts
     D:1: 627 daAuts
     D:6: 308 daAuts
  Temple: 104 daAuts
